 Dungeon Crawl Stone Soup version 0.29-a0-876-gfc89b1a5bd (webtiles) character file.

Game seed: 1018724918278248647

280 jimonade the Covert (level 6, -3/36 HPs)
             Began as a Kobold Brigand on July 19, 2022.
             Was a Believer of Uskayaw.
             Slain by a scorpion (5 damage)
             ... on level 4 of the Dungeon.
             The game lasted 00:06:12 (2935 turns).

jimonade the Covert (Kobold Brigand)                Turns: 2935, Time: 00:06:13

Health: -3/36      AC:  5    Str:  8    XL:     6   Next: 52%
Magic:  1/7        EV: 13    Int: 12    God:    Uskayaw [**....]
Gold:   123        SH:  5    Dex: 19    Spells: 7/7 levels left

rFire   . . .      SeeInvis .   a - +3 dagger
rCold   . . .      Faith    .   w - +0 buckler
rNeg    . . .      Spirit   .   g - +0 leather armour
rPois   +          Reflect  .   (no helmet)
rElec   .          Harm     .   c - +1 cloak
rCorr   .          Rampage  .   (no gloves)
Will    .....                   (no boots)
Stlth   +++++.....              (no amulet)
HPRegen 0.12/turn               l - ring of poison resistance
MPRegen 0.10/turn               (no ring)

@: no status effects
A: small, no large weapons, nightstalker 3
a: Renounce Religion, Stomp, Line Pass


You were on level 4 of the Dungeon.
You worshipped Uskayaw.
Uskayaw was noncommittal.
You visited 1 branch of the dungeon, and saw 4 of its levels.

You collected 123 gold pieces.

Inventory:

Hand Weapons
 a - a +3 dagger (weapon)
Missiles
 d - 9 poisoned darts (quivered)
 e - 3 curare-tipped darts
 m - 12 stones
Armour
 b - a +0 robe
 c - a +1 cloak (worn)
 g - a +0 leather armour (worn)
 o - a +0 plate armour
 w - a +0 buckler (worn)
Jewellery
 l - a ring of poison resistance (left hand)
Wands
 j - a wand of roots (3)
Scrolls
 h - a scroll of brand weapon {unknown}
 i - a scroll of teleportation
 n - a scroll of identify
Potions
 f - 2 potions of flight
 k - 2 potions of curing
 q - a potion of haste {unknown}
 r - a potion of attraction {unknown}
 s - 2 potions of ambrosia {unknown}
 t - a potion of magic {unknown}
 v - a potion of lignification {unknown}
 x - a potion of heal wounds {unknown}


   Skills:
 + Level 2.5 Fighting
 + Level 3.6 Short Blades
 - Level 2.1 Throwing
 + Level 1.1 Armour
 + Level 1.7 Dodging
 * Level 8.6 Stealth
 + Level 0.2 Shields
 * Level 1.2 Spellcasting
 * Level 1.3 Invocations


You had 7 spell levels left.
You didn't know any spells.
Your spell library contained the following spells:

 Spells                   Type           Power      Damage    Failure   Level
 Gell's Gravitas          Tloc           0%         N/A       89%         3
 Inner Flame              Hex/Fire       0%         N/A       89%         3
 Lesser Beckoning         Tloc           0%         N/A       89%         3
 Teleport Other           Tloc           0%         N/A       89%         3
 Cause Fear               Hex            0%         N/A       100%        4
 Discord                  Hex            0%         N/A       100%        8


Dungeon Overview and Level Annotations

Branches:
Dungeon (4/15)             Temple (0/1) D:4

Altars:
Uskayaw


Innate Abilities, Weirdness & Mutations

You are small and have problems with some larger weapons.
You are completely attuned to the shadows.


Message History

You hit the orc priest.
The orc priest is almost dead.
The scorpion misses you.
You hit the orc priest.
You kill the orc priest!
The kobold misses you. The orc hits you with a +0 club.
* * * LOW HITPOINT WARNING * * *
You block the orc's attack. The orc hits you but does no damage.
The scorpion misses you.
Your life force feels restored.
You stomp with the beat, sending a shockwave through the revellers around you!
The kobold is severely wounded.
The orc is almost dead. x2
The scorpion is moderately wounded.
You kill the orc!
You can no longer pass through a line of other dancers.
The kobold hits you but does no damage. The orc closely misses you.
The orc barely misses you. The scorpion barely misses you.
You can now pass through a line of other dancers.
You stomp with the beat, sending a shockwave through the revellers around you!
You kill the kobold!
You kill the orc! x2
The scorpion is heavily wounded.
You can no longer pass through a line of other dancers.
The scorpion misses you.
You can now pass through a line of other dancers.
Unknown command.
You don't have enough magic at the moment.
You don't have enough magic at the moment.
Unknown command.
You hit the orc but do no damage.
The scorpion stings you but does no damage.
The orc closely misses you.
You hit the scorpion.
The scorpion is heavily wounded.
The scorpion stings you.
* * * LOW HITPOINT WARNING * * *
You block the orc's attack. The scorpion barely misses you.
You hit the orc but do no damage. The orc closely misses you.
The scorpion stings you.
You die...

#.................#.#.##.......#
##...............####..#.........
#.................# #..#.......##
################### ####........
..................... ......
...........).........
.....................
...............)))...
#........8......@8...
.#.............so)...
#.#.....8.........8..
##.#................. ##.#....8
......8... ###.#...# ....#.####
####.#...#. ##.#......


You could see a scorpion and an orc.

Vanquished Creatures
  A scorpion (D:4)
  An orc priest (D:4)
  2 iguanas (D:4)
  6 adders
  3 dart slugs
  3 orcs (D:4)
  4 bats
  9 endoplasms
  3 giant cockroaches
  7 goblins
  6 hobgoblins
  6 kobolds
  4 quokkas
  4 ball pythons
  9 frilled lizards
  6 rats
74 creatures vanquished.

Notes
Turn   | Place    | Note
-------+----------+-------------------------------------------
     0 | D:1      | jimonade the Kobold Brigand began the quest for the Orb.
     0 | D:1      | Reached XP level 1. HP: 12/12 MP: 1/1
    56 | D:1      | Reached XP level 2. HP: 8/17 MP: 2/2
   244 | D:1      | Reached skill level 6 in Stealth
   431 | D:1      | Reached XP level 3. HP: 12/21 MP: 3/3
  1103 | D:2      | Reached skill level 7 in Stealth
  1300 | D:2      | Reached XP level 4. HP: 26/26 MP: 4/4
  1416 | D:2      | Found a faded altar of an unknown god.
  1912 | D:3      | Found a hide-covered altar of Uskayaw.
  1917 | D:3      | Became a worshipper of Uskayaw the Reveller
  2022 | D:3      | Reached * piety under Uskayaw
  2501 | D:4      | Found a staircase to the Ecumenical Temple.
  2549 | D:4      | Noticed a scorpion
  2552 | D:4      | Reached XP level 5. HP: 31/31 MP: 5/5
  2554 | D:4      | Reached ** piety under Uskayaw
  2555 | D:4      | Reached skill level 8 in Stealth
  2556 | D:4      | Reached *** piety under Uskayaw
  2587 | D:4      | Reached skill level 1 in Armour
  2587 | D:4      | Reached skill level 1 in Invocations
  2587 | D:4      | Reached XP level 6. HP: 24/36 MP: 5/7
  2891 | D:4      | Reached skill level 1 in Spellcasting
  2935 | D:4      | Slain by a scorpion

Illustrated notes

Levels and vault maps discovered:
D:1:      lightli_arrival_maybe_door_vault, layout_rooms
D:2:      layout_loops_ring, ebering_ecumenical_altar_hall
D:3:      layout_basic, nicolae_uskayaw_murder_on_the_dancefloor
D:4:      wad_pebble_path, layout_basic, minmay_temple_entry_trees,
          nicolae_ossuary_entry_ruins, grunt_ministairs_4,
          dreamdust_princess_bridge, wad_rectangle_vault, uniq_eustachio,
          uniq_pikel, uniq_sigmund

Skill      XL: |  1  2  3  4  5  6 |
---------------+-------------------+-----
Stealth        | 6 7 8 |  8.6
Short Blades   | 3 |  3.6
Armour         | 1 |  1.1
Invocations    | 1 |  1.3
Spellcasting   | 1 |  1.2
Fighting       | |  2.5
Throwing       | |  2.1
Dodging        | |  1.7
Shields        | |  0.2

Action                   |  1- 3 |  4- 6 || total
-------------------------+-------+-------++-------
Melee: Dagger            |    87 |   111 ||   198
Invok: Stomp             |       |     2 ||     2
  Use: Scroll            |       |     7 ||     7
 Stab: Sleeping          |    11 |    16 ||    27
       Paralysed         |       |     1 ||     1
Armor: Robe              |     4 |       ||     4
       Leather armour    |    11 |    25 ||    36
Dodge: Dodged            |    58 |    77 ||   135
Block: Buckler           |       |    21 ||    21

Table legend: (Time is in decaauts)
 A = Elapsed time spent in this place.
 B = Non-inter-level travel time spent in this place.
 C = Inter-level travel time spent in this place.
 D = Time resting spent in this place.
 E = Time spent auto-exploring this place.
 F = Levels seen in this place.
 G = Mean time per level.
                   A        B        C        D        E       F      G
               +--------+--------+--------+--------+--------+-----+--------+
         Total |   2910 |   2789 |    121 |     22 |   2120 |   4 |  727.5 |
       Dungeon |   2910 |   2789 |    121 |     22 |   2120 |   4 |  727.5 |
               +--------+--------+--------+--------+--------+-----+--------+

Top non-repeatable levels by time:
     D:1: 1029 daAuts
     D:2: 807 daAuts
     D:3: 550 daAuts
     D:4: 522 daAuts
